 Dungeon Crawl Stone Soup version 0.24-a0-479-g9a978d2894 (webtiles) character file.

Game seed: 16206194647369342970

79 PgLoLo the Skirmisher (level 4, -1/38 HPs)
             Began as a Formicid Fighter on July 6, 2019.
             Slain by Grinder (3 damage)
             ... on level 3 of the Dungeon.
             The game lasted 00:03:30 (1984 turns).

PgLoLo the Skirmisher (Formicid Fighter)            Turns: 1984, Time: 00:03:30

Health: -1/38      AC: 16    Str: 27    XL:     4   Next: 62%
Magic:  4/4        EV:  3    Int:  7    God:
Gold:   53         SH: 10    Dex: 10    Spells: 3/3 levels left

rFire    . . .     SeeInvis +   a - +0 war axe
rCold    . . .     Gourm    .   c - +0 shield
rNeg     . . .     Faith    .   m - +0 crystal plate armour (curse)
rPois    .         Spirit   .   (helmet unavailable)
rElec    .         Reflect  .   (no cloak)
rCorr    .         Harm     .   (no gloves)
MR       .....                  (no boots)
Stlth    ..........             (no amulet)
HPRegen  0.12/turn              (no ring)
MPRegen  0.09/turn              (no ring)

@: mighty
A: permanent stasis, dig shafts and tunnels, four strong arms, antennae 3
a: Dig, Shaft Self


You were on level 3 of the Dungeon.
You were hungry.

You visited 1 branch of the dungeon, and saw 3 of its levels.

You collected 53 gold pieces.

Inventory:

Hand Weapons
 a - a +0 war axe (weapon)
 b - a +0 hunting sling
Armour
 c - a +0 shield (worn)
 m - a cursed +0 crystal plate armour (worn)
Scrolls
 e - 3 scrolls of amnesia {unknown}
 k - 4 scrolls of teleportation {unknown}
 n - 2 scrolls of identify {unknown}
 o - a scroll of remove curse {unknown}
Potions
 d - 2 potions of might
 g - a potion of resistance {unknown}
 h - 4 potions of curing {unknown}
 i - a potion of agility {unknown}
 j - a potion of lignification {unknown}
 l - a potion of degeneration {unknown}
 p - 2 potions of magic {unknown}
Comestibles
 f - 4 rations


   Skills:
 * Level 4.3 Fighting
 + Level 2.6 Axes
 + Level 3.8 Armour
 + Level 4.2 Shields


You had 3 spell levels left.
You didn't know any spells.
Your spell library was empty.

Dungeon Overview and Level Annotations

Branches:
Dungeon (3/15)

Altars:
Yredelemnul

Annotations:
D:3 Grinder


Innate Abilities, Weirdness & Mutations

You cannot be hasted, slowed, berserked, paralysed or teleported.
You can dig through walls and to a lower floor.
Your four strong arms can wield two-handed weapons with a shield.
You have a pair of large antennae on your head. (SInv)


Message History

You are too injured to fight recklessly!
You are too injured to fight recklessly!
You are too injured to fight recklessly!
You are too injured to fight recklessly!
You are too injured to fight recklessly!
You hit Grinder but do no damage.
Grinder is severely wounded.
Grinder gestures at you. Pain shoots through your body!
* * * LOW HITPOINT WARNING * * *
There is a stone staircase leading up here.
Your shield and crystal plate armour prevent you from hitting Grinder.
Grinder is severely wounded.
You block Grinder's attack. Grinder hits you.
* * * LOW HITPOINT WARNING * * *
You feel very mighty all of a sudden. Grinder hits you.
* * * LOW HITPOINT WARNING * * *
You writhe in agony.
You die...

##.#...# ##..#...#
#g.##..(#############
###K###......(.#......#
#...5.#...............##
#.....##..######........
#...<.#..## ###...#..##
###.....#.## ##.)........
#.........# #.@5......##
#.#................####.#
........####......## .#
#.#.....# #..##..## #
#.#.....##.. #..#
..#.....##. ...#
.######.## ..#.# . ..
..##.# #


You could see Grinder.

Vanquished Creatures
  An adder (D:2)
  2 worms (D:2)
  A dart slug (D:1)
  A leopard gecko (D:2)
  3 orcs (D:3)
  2 giant cockroaches (D:1)
  10 goblins
  4 hobgoblins (D:1)
  7 jackals
  7 kobolds
  7 bats
  3 frilled lizards
  9 rats
57 creatures vanquished.

Notes
Turn   | Place    | Note
-------+----------+-------------------------------------------
     0 | D:1      | PgLoLo the Formicid Fighter began the quest for the Orb.
     0 | D:1      | Reached XP level 1. HP: 18/18 MP: 1/1
   107 | D:1      | Reached XP level 2. HP: 19/24 MP: 2/2
   461 | D:1      | Reached XP level 3. HP: 30/30 MP: 3/3
  1042 | D:2      | Reached XP level 4. HP: 37/37 MP: 4/4
  1124 | D:2      | Found a basalt altar of Yredelemnul.
  1675 | D:3      | Noticed Grinder
  1984 | D:3      | Slain by Grinder

Levels and vault maps discovered:
D:1:      minmay_arrival_solitary_statue, layout_basic
D:2:      layout_basic, old_standard_altar
D:3:      layout_rooms, lemuel_round_altar, nicolae_overflow_hidden_temple,
          tgw_trog, uniq_grinder

Skill      XL: |  1  2  3 |
---------------+----------+-----
Shields        | 4 |  4.2
Fighting       | 4 |  4.3
Axes           | |  2.6
Armour         | |  3.8

Action                   |  1- 3 |  4- 6 || total
-------------------------+-------+-------++-------
Melee: War axe           |   117 |    91 ||   208
  Use: Potion            |       |     1 ||     1
  Eat: Chunk             |     1 |     2 ||     3
Armor: Scale mail        |    23 |       ||    23
       Crystal plate arm |    66 |    72 ||   138
Dodge: Dodged            |    15 |     6 ||    21
Block: Shield            |    72 |    61 ||   133

Table legend:
 A = Non-vault XP
 B = Vault XP
 C = Vault XP percentage of total XP
 D = Non-vault monster count
 E = Vault monster count
 F = Vault count percentage of total count
                 A         B        C        D         E       F
            +---------+---------+-------+---------+---------+-------
      Total |     113 |       0 |   0.0 |      57 |       0 |   0.0
            +---------+---------+-------+---------+---------+-------
        D:1 |      50 |       0 |   0.0 |      29 |       0 |   0.0
        D:2 |      52 |       0 |   0.0 |      23 |       0 |   0.0
        D:3 |      11 |       0 |   0.0 |       5 |       0 |   0.0
            +---------+---------+-------+---------+---------+-------
